 Dungeon Sprint DCSS version 0.28-a0-479-g5baa6b73be (webtiles) character file.

Game seed: 10403427302925575400

35 MikeHunt the Ruffian (level 3, -2/29 HPs)
             Began as a Demonspawn Chaos Knight on Sept 17, 2021.
             Was a Plaything of Xom.
             Slain by a water elemental (18 damage)
             ... in the Dungeon (Sprint III: "The Ten Rune Challenge").
             The game lasted 00:00:38 (131 turns).

MikeHunt the Ruffian (Demonspawn Chaos Knight)       Turns: 131, Time: 00:00:38

Health: -2/29      AC:  5    Str: 13    XL:     3   Next: 17%
Magic:  3/3        EV: 11    Int: 13    God:    Xom [..*...]
Gold:   25         SH:  0    Dex: 12    Spells: 2/2 levels left

rFire   . . .      SeeInvis .     - Unarmed
rCold   . . .      Faith    .   (no shield)
rNeg    . . .      Spirit   .   a - +2 leather armour
rPois   .          Reflect  .   (no helmet)
rElec   .          Harm     .   (no cloak)
rCorr   .          Rampage  .   (no gloves)
Will    .....      NoTele   +   (no boots)
Stlth   +.........              (no amulet)
HPRegen 0.09/turn               (no ring)
MPRegen 0.08/turn               (no ring)

@: mighty, on berserk cooldown, slowed, very slow
A: spiny 1
a: Renounce Religion


You were in the Dungeon.
You worshipped Xom.
You were a toy of Xom.
You visited 1 branch You collected 25 gold pieces.

Inventory:

Armour
 a - a +2 leather armour (worn)
Scrolls
 g - a scroll of blinking
 h - 4 scrolls of identify
 i - a scroll of immolation {unknown}
 k - a scroll of torment {unknown}
Potions
 b - a potion of curing
 c - a potion of heal wounds
 d - a potion of haste
 e - 2 potions of magic
 f - 4 potions of mutation {unknown}
 j - a potion of invisibility {unknown}
 l - a potion of flight {unknown}


   Skills:
 - Level 3.0 Fighting
 - Level 1.7 Armour
 - Level 0.8 Dodging
 + Level 6.4 Unarmed Combat


You had 2 spell levels left.
You didn't know any spells.
Your spell library was empty.

Dungeon Overview and Level Annotations

Branches:
Dungeon (1/1)

Altars:


Innate Abilities, Weirdness & Mutations

You are partially covered in sharp spines.


Message History

You feel stronger.
You feel a strong urge to attack something.
You are no longer berserk.
You are exhausted.
You feel yourself slow down.
You open the door.
Found 25 gold pieces and 2 viscous coppery potions.
There is an open door here.
You now have 10 gold pieces.
You now have 25 gold pieces (gained 15).
f - a viscous coppery potion;
i - a scroll labelled VEUTAEP LORUF
h - 2 scrolls of identify (gained 1)
f - 2 viscous coppery potions (gained 1)
j - a puce potion
f - 3 viscous coppery potions (gained 1)
k - a scroll labelled KODUWK LUASCHIOTS;
h - 4 scrolls of identify (gained 2)
f - 4 viscous coppery potions (gained 1)
l - a metallic puce potion
There is an open door here.
You open the door.
A water elemental comes into view.
You hit the water elemental.
The water elemental is lightly damaged.
The water elemental is struck by your spines.
The water elemental hits you.
You punch the water elemental!
The water elemental is heavily damaged.
The water elemental is struck by your spines.
The water elemental barely misses you.
You hit the water elemental.
The water elemental is heavily damaged. "How about this?"
The water in the fountain briefly swirls.
The water elemental hits you! The water elemental hits you.
You hit the water elemental.
The water elemental is severely damaged.
The water elemental is struck by your spines.
The water elemental hits you!!
Ouch! That really hurt!
You die...

▓▓▓▓▓▓▓▓ ▓▓▓ <..#)..####
##.# ...#......#####..#
..##...†...#..#..#
##.##.##...#..#..# #+#+#
##.##.###..##'#..#......
#.####.##..###..@E.⌠....
.###..##.†####...#...###
#.....##..###....# ⌠.#
###..##...##.....# .#
##..##....#†.....# #
#..###..##.#.....# #..#
#.. ####....# ▓▓▓▓ ▓▓▓
▓▓▓▓▓▓


You could see a water elemental.

Vanquished Creatures
  A human (D)
  A wolf (D)
  An endoplasm (D)
  3 rats (D)
6 creatures vanquished.

Notes
Turn   | Place    | Note
-------+----------+-------------------------------------------
     0 | D        | MikeHunt the Demonspawn Chaos Knight began the quest for
                  | the Orb.
     0 | D        | Reached XP level 1. HP: 18/18 MP: 1/1
    10 | D        | Reached skill level 3 in Unarmed Combat
    99 | D        | XOM: potion effect (might)
   105 | D        | Reached skill level 5 in Unarmed Combat
   105 | D        | Gained mutation: You are partially covered in sharp spines.
                  | [demonic ancestry]
   105 | D        | Reached XP level 2. HP: 24/24 MP: 2/2
   108 | D        | Reached skill level 6 in Unarmed Combat
   108 | D        | Reached XP level 3. HP: 29/29 MP: 3/3
   127 | D        | Noticed a water elemental
   130 | D        | XOM: silly message
   131 | D        | Slain by a water elemental

Illustrated notes

Levels and vault maps discovered:
D:        dungeon_sprint_mu [sprint_mu_entry_cave, sprint_mu_temple_rooms,
          sprint_mu_d1_horrors, sprint_mu_d2_genie, sprint_mu_d3_branching,
          sprint_mu_orc_legion, sprint_mu_elf_gauntlet, sprint_mu_hive_nellie,
          sprint_mu_lair_fedhas, sprint_mu_vaults_butterflies,
          sprint_mu_slime_circle, sprint_mu_shoals_kraken,
          sprint_mu_snake_twists, sprint_mu_blade_basic, sprint_mu_crypt_lich,
          sprint_mu_tomb_spiral, sprint_mu_vestibule_basic,
          sprint_mu_gehenna_hellfire, sprint_mu_dis_giant,
          sprint_mu_tartarus_statrot, sprint_mu_cocytus_islands, sprint_mu_zot1]

Skill      XL: |  1  2 |
---------------+-------+-----
Unarmed Combat | 5 6 |  6.4
Fighting       | |  3.0
Armour         | |  1.7
Dodging        | |  0.8

Action                   || total
-------------------------++-------
Melee: Unarmed           ||    21
  Use: Potion            ||     1
Armor: Leather armour    ||     3
Dodge: Dodged            ||     9

Table legend: (Time is in decaauts)
 A = Elapsed time spent in this place.
 B = Non-inter-level travel time spent in this place.
 C = Inter-level travel time spent in this place.
 D = Time resting spent in this place.
 E = Time spent auto-exploring this place.
 F = Levels seen in this place.
 G = Mean time per level.
                   A        B        C        D        E       F      G
               +--------+--------+--------+--------+--------+-----+--------+
         Total |    134 |    134 |      0 |     54 |      0 |   1 |  134.0 |
       Dungeon |    134 |    134 |      0 |     54 |      0 |   1 |  134.0 |
               +--------+--------+--------+--------+--------+-----+--------+

Top non-repeatable levels by time:
       D: 134 daAuts
